 Dungeon Crawl Stone Soup version 0.24-a0-549-g45f0056d81 (webtiles) character file.

Game seed: 3598813958121213319

67 DasRunzen the Covered (level 4, -6/40 HPs)
             Began as a Minotaur Fighter on Aug 20, 2019.
             Was an Initiate of Makhleb.
             Killed by nerve-wracking pain
             ... invoked by Jessica
              (11 damage)
             ... on level 2 of the Dungeon.
             The game lasted 00:02:22 (1150 turns).

DasRunzen the Covered (Minotaur Fighter)            Turns: 1150, Time: 00:02:23

Health: -6/40      AC:  7    Str: 21    XL:     4   Next: 0%
Magic:  3/3        EV: 10    Int:  5    God:    Makhleb [......]
Gold:   71         SH:  9    Dex: 10    Spells: 3/3 levels left

rFire    + . .     SeeInvis .   a - +0 war axe
rCold    x . .     Gourm    .   c - +0 shield
rNeg     . . .     Faith    .   b - +0 scale mail
rPois    .         Spirit   .   (helmet restricted)
rElec    .         Reflect  .   (no cloak)
rCorr    .         Harm     .   (no gloves)
MR       .....                  (no boots)
Stlth    ..........             (no amulet)
HPRegen  0.13/turn              i - +3 ring of evasion
MPRegen  0.08/turn              l - ring of fire

@: no status effects
A: retaliatory headbutt, horns 2
a: Renounce Religion


You were on level 2 of the Dungeon.
You worshipped Makhleb.
Makhleb was noncommittal.
You were hungry.

You visited 1 branch of the dungeon, and saw 2 of its levels.

You collected 71 gold pieces.

Inventory:

Hand Weapons
 a - a +0 war axe (weapon)
Armour
 b - a +0 scale mail (worn)
 c - a +0 shield (worn)
Jewellery
 i - a +3 ring of evasion (left hand)
 l - a ring of fire (right hand)
Scrolls
 e - a scroll of teleportation {unknown}
 h - a scroll of fear {unknown}
 p - a scroll of identify
Potions
 d - a potion of might
 g - 2 potions of lignification
 j - 2 potions of flight {unknown}
 k - a potion of brilliance {unknown}
 m - a potion of heal wounds {unknown}
 n - 2 potions of haste {unknown}
 o - a potion of degeneration {unknown}
Comestibles
 f - a ration


   Skills:
 + Level 4.2 Fighting
 + Level 3.3 Axes
 + Level 4.2 Armour
 + Level 4.2 Shields
 + Level 0.5 Invocations


You had 3 spell levels left.
You didn't know any spells.
Your spell library was empty.

Dungeon Overview and Level Annotations

Branches:
Dungeon (2/15)

Altars:
Makhleb
Wu Jian

Annotations:
D:2 Jessica


Innate Abilities, Weirdness & Mutations

You reflexively headbutt those who attack you in melee.
You have a pair of horns on your head.


Message History

You slash the goblin!
You kill the goblin!
Makhleb accepts your kill.
You have reached level 4!
You feel stronger.
You start resting.
Jessica is too close now for your liking.
You are too injured to fight recklessly!
You hit Jessica but do no damage. You headbutt Jessica.
Jessica is moderately wounded.
Jessica casts a spell.
Jessica blinks!
Jessica points at you and mumbles some strange words.
Pain shoots through your body!
* * * LOW HITPOINT WARNING * * *
Items here: ))) †† a +0 club; a +0 dagger x2; a hobgoblin corpse; a goblin corpse Jessica gestures at you while chanting.
Pain shoots through your body!
You die...

..>...# #............###.
......# #####........# #.
......# #........# #.
......## #........# #.
.......# #.)......# ##
.......## ######........#
........# #))...........#
........# #)###g........#
........# #@###..g.######
........########@#..g........
.................##..g..g....
##.##....##########...g......
.........# #......g...
.........# #..........
#.#####..# #.........)
..#####.## #..........
#...(##.# #..........


You could see Jessica.

Vanquished Creatures
  Robin (D:2)
  A worm (D:2)
  2 dart slugs
  A leopard gecko (D:1)
  3 bats (D:1)
  2 giant cockroaches (D:1)
  14 goblins
  10 hobgoblins
  2 kobolds (D:1)
  4 frilled lizards
  3 rats (D:1)
43 creatures vanquished.

Notes
Turn   | Place    | Note
-------+----------+-------------------------------------------
     0 | D:1      | DasRunzen the Minotaur Fighter began the quest for the Orb.
     0 | D:1      | Reached XP level 1. HP: 19/19 MP: 0/0
    46 | D:1      | Reached XP level 2. HP: 25/27 MP: 1/1
   469 | D:1      | Reached XP level 3. HP: 33/33 MP: 2/2
   837 | D:2      | Found an ornate altar of the Wu Jian Council.
   857 | D:2      | Found a burning altar of Makhleb.
   975 | D:2      | Became a worshipper of Makhleb the Destroyer
  1106 | D:2      | Noticed Jessica
  1108 | D:2      | Noticed Robin
  1141 | D:2      | Killed Robin
  1141 | D:2      | Reached XP level 4. HP: 18/40 MP: 3/3
  1150 | D:2      | Killed from afar by Jessica

Levels and vault maps discovered:
D:1:      dpeg_arrival_tiny_b, layout_basic, minmay_pentomino_o2
D:2:      layout_basic, old_standard_altar, nicolae_overflow_crystal_walls,
          uniq_jessica, uniq_robin

Skill      XL: |  1  2 |
---------------+-------+-----
Fighting       | 4 |  4.2
Shields        | 4 |  4.2
Armour         | 4 |  4.2
Axes           | 3 |  3.3
Invocations    | |  0.5

Action                   |  1- 3 |  4- 6 || total
-------------------------+-------+-------++-------
Melee: War axe           |    88 |     1 ||    89
       Headbutt          |    13 |     1 ||    14
  Use: Scroll            |     4 |       ||     4
Armor: Scale mail        |    38 |       ||    38
Dodge: Dodged            |    42 |       ||    42
Block: Shield            |    42 |       ||    42

Table legend:
 A = Non-vault XP
 B = Vault XP
 C = Vault XP percentage of total XP
 D = Non-vault monster count
 E = Vault monster count
 F = Vault count percentage of total count
                 A         B        C        D         E       F
            +---------+---------+-------+---------+---------+-------
      Total |      55 |      42 |  43.3 |      28 |      15 |  34.9
            +---------+---------+-------+---------+---------+-------
        D:1 |      41 |       3 |   6.8 |      23 |       2 |   8.0
        D:2 |      14 |      39 |  73.6 |       5 |      13 |  72.2
            +---------+---------+-------+---------+---------+-------
